 Dungeon Crawl Stone Soup version 0.25-a0-1133-g93ebf739aa (webtiles) character file.

Game seed: 12040177622891523307, levelgen mode: deterministic

23 zard0z the Firebug (level 2, 0/15 HPs)
             Began as a Deep Elf Fire Elementalist on May 22, 2020.
             Slain by an adder (5 damage)
             ... on level 2 of the Dungeon.
             The game lasted 00:08:02 (978 turns).

zard0z the Firebug (Deep Elf Fire Elementalist)      Turns: 978, Time: 00:08:03

Health: 0/15       AC:  2    Str:  5    XL:     2   Next: 75%
Magic:  6/8        EV: 13    Int: 19    God:
Gold:   96         SH:  0    Dex: 15    Spells: 6/7 levels left

rFire    . . .     SeeInvis .   b - +0 hunting sling
rCold    . . .     Gourm    .   (no shield)
rNeg     . . .     Faith    .   g - +0 robe
rPois    .         Spirit   .   (no helmet)
rElec    .         Reflect  .   (no cloak)
rCorr    .         Harm     .   (no gloves)
MR       .....                  (no boots)
Stlth    ++........             (no amulet)
HPRegen  0.05/turn              (no ring)
MPRegen  0.11/turn              (no ring)

@: lethally poisoned (0 -> -6)
A: no striking features
a: no special abilities


You were on level 2 of the Dungeon.
You were not hungry.

You visited 1 branch of the dungeon, and saw 2 of its levels.

You collected 96 gold pieces.

Inventory:

Hand Weapons
 a - a +0 club
 b - a +0 hunting sling (weapon)
Missiles
 m - 22 sling bullets (quivered)
Armour
 g - a +0 robe (worn)
Jewellery
 e - an uncursed ring of protection from cold {unknown}
 k - an uncursed ring of flight {unknown}
Scrolls
 h - 2 scrolls of identify {unknown}
 j - a scroll of fog {unknown}
 l - a scroll of remove curse {unknown}
Potions
 f - a potion of invisibility {unknown}
Comestibles
 c - 2 rations
 d - 4 chunks of flesh


   Skills:
 + Level 2.8 Dodging
 - Level 2.4 Stealth
 + Level 3.3 Spellcasting
 * Level 2.1 Conjurations
 + Level 3.5 Fire Magic


You had 6 spell levels left.
You knew the following spells:

 Your Spells              Type           Power        Failure   Level  Hunger
a - Foxfire               Conj/Fire      ##..         4%          1    None

Your spell library contained the following spells:

 Spells                   Type           Power        Failure   Level  Hunger
 Conjure Flame            Conj/Fire      ##......     14%         3    ###....
 Inner Flame              Hex/Fire       #.......     22%         3    ###....
 Sticky Flame             Conj/Fire      ##......     41%         4    ####...
 Fireball                 Conj/Fire      ##........   77%         5    ######.


Dungeon Overview and Level Annotations

Branches:
Dungeon (2/15)

Altars:
Qazlal


Message History

Found a pair of boots, a scale mail and 12 gold pieces.
A frilled lizard and an adder come into view.
The adder hisses angrily.
The adder completely misses you.
Casting: Foxfire (safe; 4% risk of failure)
Confirm with . or Enter, or press ? or * to list all spells.
You conjure some foxfire!
The adder completely misses you.
Your foxfire dissipates!
The adder bites you.
Casting: Foxfire (safe; 4% risk of failure)
Confirm with . or Enter, or press ? or * to list all spells.
You conjure some foxfire!
The adder bites you.
You are poisoned.
The adder poisons you! The adder barely misses you.
Your foxfire dissipates!
You feel sick.
Casting: Foxfire (safe; 4% risk of failure)
Confirm with . or Enter, or press ? or * to list all spells.
You conjure some foxfire!
The adder bites you.
You die...

#.# #....#...#######
#.... #.#
#....#...##### #....
#.# #....#........
+..v. #(#
#.....[.....# #..ยงยง
#.# #.[.......# #####
##.#######...#.#
#............#.#+####
############.#...$...
#..SS@v.#.......
#.#######.......
#..........>..[.
##########...?..
.[..l .... ... .. .


You could see 2 adders.

Vanquished Creatures
  A dart slug (D:1)
  3 giant cockroaches
  6 goblins (D:1)
  2 hobgoblins
  A kobold (D:1)
  2 ball pythons (D:1)
  A bat (D:2)
  4 frilled lizards
  3 rats (D:1)
23 creatures vanquished.

Vanquished Creatures (others)
  52 foxfires
52 creatures vanquished.

Grand Total: 75 creatures vanquished

Notes
Turn   | Place    | Note
-------+----------+-------------------------------------------
     0 | D:1      | zard0z the Deep Elf Fire Elementalist began the quest for
                  | the Orb.
     0 | D:1      | Reached XP level 1. HP: 10/10 MP: 6/6
   296 | D:1      | Reached XP level 2. HP: 15/15 MP: 2/8
   868 | D:2      | Found a stormy altar of Qazlal.
   978 | D:2      | Slain by an adder

Illustrated notes

Levels and vault maps discovered:
D:1:      psy_arrival_statuary, layout_loops_ring, serial_park_tiny_2
D:2:      layout_basic, first_ration, grunt_qazlal_clouds, uniq_jessica

Skill      XL: |  1  2 |
---------------+-------+-----
Conjurations   | 2 |  2.1
Dodging        | |  2.8
Stealth        | |  2.4
Spellcasting   | |  3.3
Fire Magic     | |  3.5

Action                   || total
-------------------------++-------
 Cast: Foxfire           ||    47
Armor: Robe              ||     4
Dodge: Dodged            ||     7

Table legend:
 A = Non-vault XP
 B = Vault XP
 C = Vault XP percentage of total XP
 D = Non-vault monster count
 E = Vault monster count
 F = Vault count percentage of total count
                 A         B        C        D         E       F
            +---------+---------+-------+---------+---------+-------
      Total |      34 |       0 |   0.0 |      23 |       0 |   0.0
            +---------+---------+-------+---------+---------+-------
        D:1 |      28 |       0 |   0.0 |      19 |       0 |   0.0
        D:2 |       6 |       0 |   0.0 |       4 |       0 |   0.0
            +---------+---------+-------+---------+---------+-------
